 Dungeon Crawl Stone Soup version 0.24.0-1-gfbc8707 (webtiles) character file.

Game seed: 6048345502112281855, levelgen mode: deterministic

224 Buxparty the Skirmisher (level 5, -2/42 HPs)
             Began as a Mummy Wanderer on Jan 5, 2020.
             Slain by an elf zombie (4 damage)
             ... in an ossuary.
             The game lasted 00:09:50 (2892 turns).

Buxparty the Skirmisher (Mummy Wanderer)            Turns: 2892, Time: 00:09:51

Health: -2/42      AC:  6    Str: 14    XL:     5   Next: 67%
Magic:  5/5        EV: 11    Int: 13    God:
Gold:   149        SH:  0    Dex: 12    Spells: 4/4 levels left

rFire    x . .     SeeInvis .   a - +2 hand crossbow
rCold    + . .     Gourm    .   (no shield)
rNeg     + + +     Faith    .   i - +0 ring mail
rPois    ∞         Spirit   .   (no helmet)
rElec    .         Reflect  .   (no cloak)
rCorr    .         Harm     .   (no gloves)
MR       .....                  g - +0 pair of boots
Stlth    +.........             (no amulet)
HPRegen  0.14/turn              (no ring)
MPRegen  0.09/turn              (no ring)

@: no status effects
A: no food or potions, fire vulnerability, cold resistance 1, negative energy
resistance 3, torment resistance, unbreathing
a: no special abilities


You were in an ossuary.
You were not hungry.

You visited 1 branch of the dungeon, and saw 4 of its levels.
You also visited: Ossuary.

You collected 149 gold pieces.

Inventory:

Hand Weapons
 a - a +2 hand crossbow (weapon)
 b - a +0 mace
Missiles
 d - 93 bolts (quivered)
Armour
 e - a +0 robe
 g - a +0 pair of boots (worn)
 i - a +0 ring mail (worn)
Jewellery
 k - an uncursed amulet of faith
Wands
 m - a wand of digging (6)
Scrolls
 c - 2 scrolls of teleportation
 f - 3 scrolls of identify {unknown}
 h - 2 scrolls of remove curse {unknown}
 j - a scroll of blinking {unknown}
 l - a scroll of random uselessness {unknown}
 n - a scroll of fear {unknown}


   Skills:
 + Level 3.9 Fighting
 + Level 2.1 Maces & Flails
 + Level 2.5 Crossbows
 + Level 2.6 Armour
 + Level 1.8 Dodging
 - Level 1.0 Stealth
 - Level 1.0 Evocations


You had 4 spell levels left.
You didn't know any spells.
Your spell library was empty.

Dungeon Overview and Level Annotations

Branches:
Dungeon (4/15)            Ossuary (1/1)
 Temple: D:4-7

Altars:


Innate Abilities, Weirdness & Mutations

You do not eat or drink.
Your flesh is vulnerable to fire.
You are immune to poison.
Your flesh is cold resistant. (rC+)
You are immune to negative energy. (rN+++)
You are immune to unholy pain and torment.
You can survive without breathing.


Message History

Press: ? - help, Shift-Dir - straight line, f - elf zombie
Aim: an elf zombie You shoot a bolt.
The bolt hits the elf zombie.
The elf zombie is lightly damaged.
The elf zombie barely misses you.
Firing (i - inventory)
d - 95 bolts (quivered)
Press: ? - help, Shift-Dir - straight line, f/p - elf zombie
Aim: an elf zombie (lightly damaged)
You shoot a bolt. The bolt hits the elf zombie!
The elf zombie is moderately damaged.
The elf zombie hits you.
* * * LOW HITPOINT WARNING * * *
Firing (i - inventory)
d - 94 bolts (quivered)
Press: ? - help, Shift-Dir - straight line, f/p - elf zombie
Aim: an elf zombie (moderately damaged)
You shoot a bolt. The bolt hits the elf zombie!
The elf zombie is heavily damaged.
The elf zombie hits you but does no damage.
The elf zombie hits you.
You die...

#.....
#...#
#...#
##...##
#.....#
##.Z.##
#ZZ.#
##Z##
#^^@#
+^∩^#
#^^^#
#####


You could see a quokka zombie, a hobgoblin zombie, a gnoll zombie and an elf
zombie.

Vanquished Creatures
  A worker ant (D:4)
  2 mummies
  3 gnolls (D:3)
  9 adders
  An ooze (D:1)
  A worm (D:3)
  3 dart slugs
  4 leopard geckos
  An orc (D:3)
  3 bats
  3 giant cockroaches
  5 hobgoblins
  5 kobolds
  4 quokkas (D:3)
  2 frilled lizards (D:3)
  A hobgoblin zombie (Ossuary)
  7 rats
55 creatures vanquished.

Notes
Turn   | Place    | Note
-------+----------+-------------------------------------------
     0 | D:1      | Buxparty the Mummy Wanderer began the quest for the Orb.
     0 | D:1      | Buxparty set off with the following items: a +2 hand
                  | crossbow, 26 bolts, a scroll of teleportation, a +0 mace, a
                  | +0 robe
     0 | D:1      | Reached XP level 1. HP: 18/18 MP: 1/1
   387 | D:1      | Reached XP level 2. HP: 24/24 MP: 2/2
   957 | D:2      | Reached XP level 3. HP: 29/29 MP: 3/3
  1089 | D:1      | Reached skill level 1 in Dodging
  1255 | D:2      | Reached XP level 4. HP: 35/35 MP: 4/4
  1843 | D:3      | Reached XP level 5. HP: 42/42 MP: 5/5
  2855 | D:4      | Found a sand-covered staircase.
  2869 | Ossuary  | Entered an ossuary
  2883 | Ossuary  | HP: 2/42 [gnoll zombie (4)]
  2891 | Ossuary  | HP: 1/42 [elf zombie (2)]
  2892 | Ossuary  | Slain by an elf zombie

Levels and vault maps discovered:
D:1:      tarquinn_simple_flora_water_e, layout_loops_ring
D:2:      layout_loops_ring, first_ration, minmay_misc_feat_iff
D:3:      layout_loops_corners, serial_rivers, chequers_serial_rivers_micro_c,
          chequers_serial_rivers_large_b, chequers_serial_rivers_micro_b,
          chequers_serial_rivers_micro_c, chequers_serial_rivers_small_a,
          chequers_serial_rivers_small_3, kennysheep_pointless_box,
          minmay_pentangle
D:4:      layout_cave_pods, minmay_temple_entry_slanted,
          gup_ossuary_entry_pyramid, minivault_14
Ossuary:  ossuary_minmay_chase

Skill      XL: |  1  2  3  4  5 |
---------------+----------------+-----
Armour         | 2 |  2.6
Crossbows      | 2 |  2.5
Dodging        | 1 |  1.8
Maces & Flails | 2 |  2.1
Fighting       | |  3.9
Stealth        | |  1.0
Evocations     | |  1.0

Action                   |  1- 3 |  4- 6 || total
-------------------------+-------+-------++-------
Melee: Mace              |    19 |    47 ||    66
 Fire: Hand crossbow     |    28 |    84 ||   112
  Use: Scroll            |       |     1 ||     1
Armor: Robe              |     8 |       ||     8
       Ring mail         |     7 |    29 ||    36
Dodge: Dodged            |    25 |    54 ||    79
